 Dungeon Crawl Stone Soup version 0.18.1-48-g4cf74bf (webtiles) character file.

246 hairmachine the Shooter (level 5, 0/36 HPs)
             Began as a High Elf Hunter on July 4, 2016.
             Was an Initiate of Okawaru.
             Slain by Grinder (7 damage)
             ... on level 4 of the Dungeon.
             The game lasted 00:17:18 (3666 turns).

hairmachine the Shooter (High Elf Hunter)           Turns: 3666, Time: 00:17:19

Health: 0/36       AC:  5    Str: 14    XL:     5   Next: 84%
Magic:  6/6        EV: 12    Int: 15    God:    Okawaru [......]
Gold:   151        SH:  0    Dex: 15    Spells: 0 memorised, 4 levels left

rFire  . . .     SeeInvis .     a - +1 shortbow
rCold  . . .     Gourm    .     b - +0 ring mail
rNeg   . . .     Faith    .     (shield currently unavailable)
rPois  .         Spirit   .     (no helmet)
rElec  .         Dismiss  .     (no cloak)
rCorr  .         Reflect  .     (no gloves)
SustAt .         Harm     .     (no boots)
MR     .....                    (no amulet)
Stlth  ++........               u - ring of stealth
                                h - +2 ring of strength

@: not resistant to hostile enchantments, unstealthy
A: mutation resistance 1
a: Renounce Religion


You were on level 4 of the Dungeon.
You worshipped Okawaru.
Okawaru was noncommittal.
You were hungry.

You visited 1 branch of the dungeon, and saw 4 of its levels.

You collected 151 gold pieces.

Inventory:

Hand Weapons
 a - a +1 shortbow (weapon)
 c - a +2 short sword of protection
 n - a +3 short sword
Missiles
 d - 11 arrows (quivered)
Armour
 b - a +0 ring mail (worn)
Jewellery
 h - a +2 ring of strength (left hand)
 u - a ring of stealth (right hand)
Wands
 t - a wand of acid (0/15)
Scrolls
 j - 2 scrolls of immolation {unknown}
 p - a scroll of remove curse {unknown}
 q - a scroll of random uselessness {unknown}
 r - a scroll of teleportation {unknown}
 x - 2 scrolls of recharging {unknown}
Potions
 g - a potion of curing
 k - a potion of degeneration {unknown}
 l - a potion of lignification {unknown}
 m - a potion of might {unknown}
 s - a potion of beneficial mutation
 w - a potion of agility {unknown}
 A - a potion of flight {unknown}
Comestibles
 f - 3 bread rations
 v - a meat ration


   Skills:
 + Level 3.3 Fighting
 - Level 4.1 Short Blades
 - Level 6.3 Bows
 + Level 3.5 Dodging
 - Level 1.1 Stealth


You had 4 spell levels left.
You didn't know any spells.

Dungeon Overview and Level Annotations

Branches:
Dungeon (4/15)
 Temple: D:4-7

Altars:
Okawaru

Annotations:
D:3 Coyotero's ghost, amateur DrFi
D:4 Grinder


Innate Abilities, Weirdness & Mutations

You are somewhat resistant to further mutation.


Message History

Grinder is almost dead.
Grinder gestures at you.
You suddenly lose the ability to move!
Grinder hits you.
You writhe in agony.
Grinder hits you!
* * * LOW HITPOINT WARNING * * *
You writhe in agony.
* * * LOW HITPOINT WARNING * * *
You can move again.
Drink which item? (? for menu, Esc to quit)
You feel better. Grinder gestures at you. You resist with significant effort.
Drink which item? (? for menu, Esc to quit)
It was a potion of beneficial mutation.
You feel genetically stable.
You feel fantastic!
Grinder rolls his eyes.
Grinder hits you!
You die...

#.##.# ............
#..#.# ..(...(...( #.#.#
.........(. #...#
.......((. ###..##
.......(.# #.....#####
.......(.# +...>.+...#
.......5.#####.....###'#
.......@................
######..................
#..................
#########.....###'#
#.....# #.# #.....# #.#
####'####.# #.#.....
#.#.##.#


You could see Grinder.

Vanquished Creatures
  An orc priest (D:4)
  A hound (D:4)
  2 orc wizards
  5 adders (D:2)
  2 worms (D:2)
  2 dart slugs (D:1)
  2 giant geckos (D:2)
  7 orcs
  3 ball pythons
  5 giant cockroaches (D:2)
  9 goblins
  7 hobgoblins
  6 jackals (D:2)
  3 bats
  3 giant newts (D:1)
  9 kobolds
  5 rats
72 creatures vanquished.

Notes
Turn   | Place    | Note
--------------------------------------------------------------
     0 | D:1      | hairmachine the High Elf Hunter began the quest for the Orb.
     0 | D:1      | Reached XP level 1. HP: 14/14 MP: 2/2
   171 | D:1      | Reached skill level 1 in Short Blades
   351 | D:1      | Reached XP level 2. HP: 19/19 MP: 3/3
  1243 | D:2      | Reached XP level 3. HP: 24/24 MP: 4/4
  1303 | D:2      | Reached skill level 6 in Bows
  1531 | D:2      | Found an iron altar of Okawaru.
  1728 | D:2      | Reached XP level 4. HP: 23/29 MP: 5/5
  1804 | D:2      | Became a worshipper of Warmaster Okawaru
  2665 | D:3      | Reached XP level 5. HP: 33/35 MP: 6/6
  2762 | D:3      | Noticed Coyotero's ghost (amateur DrFi)
  3634 | D:4      | Noticed Grinder
  3650 | D:4      | Paralysed by Grinder for 4 turns
  3659 | D:4      | Paralysed by Grinder for 6 turns
  3666 | D:4      | Gained mutation: You are somewhat resistant to further mutation. [potion of beneficial mutation]
  3666 | D:4      | Slain by Grinder

Skill      XL: |  1  2  3  4  5 |
---------------+----------------+-----
Short Blades   | 1 2 3 4 |  4.1
Bows           | 6 |  6.3
Fighting       | 3 |  3.3
Dodging        | 3 |  3.5
Stealth        | |  1.1

Action                   |  1- 3 |  4- 6 || total
-------------------------+-------+-------++-------
Melee: Short sword       |    65 |   106 ||   171
 Fire: Shortbow          |    37 |    49 ||    86
Evoke: Wand              |       |     7 ||     7
  Use: Potion            |     1 |     3 ||     4
       Scroll            |       |     5 ||     5
 Stab: Sleeping          |       |     2 ||     2
  Eat: Chunk             |     2 |     4 ||     6
       Beef jerky        |       |     1 ||     1
Armor: Leather armour    |     6 |       ||     6
       Ring mail         |    15 |    28 ||    43
Dodge: Dodged            |    46 |    42 ||    88
